Map: Croisement de Kairos EC

Players

Vulcan

  • Race: Protoss Protoss
  • League: Master
  • Spawn Location: 5:00

LuNe - Winner!

  • Race: Terran Terran
  • League: Master
  • Spawn Location: 11:00

VOD

Have the link to the VOD?

Description

Time

  • Played on: July 6, 2019, 11:02 a.m.
  • Length: 8:31
Show
View Real Time Build Order
Export as new Build Order

Vulcan Protoss 

Build Orders: 1 Gate Expand, Blink Stalkers 

Get SALT Encoding   

  12  0:01  Probe  
  13  0:13  Probe  
  14  0:17  Pylon  
  14  0:24  Probe  
  15  0:32  Probe  
  15  0:41  Gateway  
  15  0:42  Probe  
  16  0:48  Assimilator  
  17  0:53  Probe  
  18  1:01  Probe  
  18  1:09  Probe  
  20  1:28  Nexus  
  20  1:36  Cybernetics Core  
  20  1:39  Probe  
  21  1:54  Probe  
  21  1:55  Assimilator  
  21  1:58  Pylon  
  22  2:07  Adept  
  22  2:08  Probe  
  23  2:17  Warp Gate  
  23  2:20  Probe  
  26  2:28  Stalker  
  25  2:32  Probe  
  28  2:50  Probe x2  
  30  2:55  Robotics Facility  
  30  2:57  Stalker, Twilight Council  
  32  3:04  Probe x2  
  34  3:09  Blink  
  34  3:16  Probe x2  
  36  3:22  Pylon  
  37  3:34  Probe x2  
  38  3:42  Observer  
  38  3:46  Gateway  
  38  3:47  Gateway  
  39  3:57  Probe x2  
  39  4:01  Pylon  
  41  4:04  Assimilator  
  41  4:06  Stalker  
  43  4:12  Observer  
  44  4:20  Probe x2  
  46  4:32  Probe x2  
  46  4:34  Observer  
  49  4:43  Stalker x2  
  49  4:44  Probe x2, Stalker  
  57  5:00  Probe x2  
  59  5:12  Nexus  
  59  5:13  Pylon  
  59  5:14  Stalker  
  59  5:19  Pylon  
  59  5:20  Pylon  
  59  5:21  Probe  
  62  5:25  Forge  
  62  5:27  Probe, Forge  
  62  5:39  Probe x2  
  64  5:43  Stalker x2  
  64  5:44  Stalker  
  64  5:49  Charge  
  70  5:51  Probe x2  
  72  6:03  Probe x2  
  72  6:04  Protoss Ground Weapons Level 1  
  72  6:15  Probe x2, Stalker x3  
  80  6:21  Gateway  
  80  6:27  Probe  
  80  6:31  Gateway  
  81  6:33  Gateway  
  81  6:36  Gateway  
  81  6:40  Sentry x3  
  69  7:03  Zealot  
  69  7:04  Zealot x2  
  52  7:09  Zealot  
  52  7:10  Zealot x2  
  59  7:17  Zealot  
  57  7:25  Stalker x2  
  57  7:33  Stalker x5  
  44  7:49  Stalker  
  43  7:51  Zealot  
  43  7:57  Zealot x4  
  37  8:16  Zealot  
  37  8:17  Zealot  
Show
View Real Time Build Order
Export as new Build Order

LuNe Terran - Winner!

Build Orders: Gas First Reaper Expand 

Get SALT Encoding   

  12  0:00  SCV  
  13  0:12  SCV  
  14  0:17  Supply Depot  
  14  0:25  SCV  
  14  0:27  Refinery  
  15  0:38  SCV  
  16  0:45  Barracks  
  16  0:53  SCV  
  17  1:05  SCV  
  18  1:18  SCV  
  19  1:33  Reaper  
  19  1:35  Orbital Command  
  20  1:54  Command Center  
  20  1:57  Command Center  
  20  2:02  SCV  
  21  2:08  Factory  
  21  2:14  Barracks Reactor, SCV  
  22  2:20  Supply Depot  
  22  2:28  Refinery  
  22  2:32  SCV  
  23  2:44  SCV  
  23  2:54  Hellion, Starport  
  23  2:55  Marine x2  
  23  2:56  SCV  
  28  3:08  Orbital Command  
  28  3:10  SCV  
  29  3:20  Marine x2  
  29  3:22  Widow Mine  
  29  3:23  SCV  
  34  3:30  Medivac  
  36  3:34  Barracks  
  36  3:40  SCV x2  
  38  3:45  Widow Mine  
  40  3:49  Supply Depot  
  40  3:51  Marine  
  40  3:53  SCV  
  40  3:54  SCV  
  43  3:58  Marine  
  44  4:03  Barracks  
  44  4:13  SCV x2  
  44  4:14  Marine  
  44  4:15  Starport Tech Lab, Factory Tech Lab  
  47  4:19  Supply Depot  
  47  4:28  SCV  
  47  4:30  Barracks x2  
  48  4:31  SCV  
  49  4:38  Marine  
  49  4:39  Marine  
  49  4:40  Stimpack  
  49  4:44  Factory Reactor  
  51  4:47  SCV x2  
  51  4:48  Starport Reactor  
  45  4:56  Supply Depot  
  45  4:57  Marine x2, Marauder  
  47  5:00  Marauder  
  47  5:03  Combat Shield  
  49  5:17  Marine x2  
  49  5:18  Marine x2, Marauder  
  55  5:22  Marauder  
  55  5:25  Widow Mine x2, Medivac  
  55  5:27  Medivac  
  65  5:30  Supply Depot  
  63  5:37  Marine x2  
  63  5:41  Marine  
  64  5:44  Marine  
  64  5:45  Marauder  
  64  5:46  Marine  
  66  5:57  Marine  
  64  5:59  Marine  
  64  6:00  Marine  
  67  6:04  Marauder  
  67  6:05  Marine  
  67  6:06  Marauder  
  67  6:11  Medivac  
  72  6:13  SCV  
  72  6:14  Marine  
  72  6:17  Marine x2  
  74  6:22  Widow Mine x2  
  78  6:29  Concussive Shells  
  78  6:35  Supply Depot  
  78  6:49  Marine x2  
  78  6:53  Marine  
  78  6:55  Marine  
  78  6:56  Marine x2  
  78  6:57  Widow Mine x2  
  78  7:07  Marine  
  78  7:08  Marauder  
  76  7:11  Marine  
  76  7:12  Marine  
  76  7:14  Marine, Marauder, Medivac  
  83  7:25  Marine  
  83  7:29  Marauder  
  86  7:37  Marine x3  
  86  7:42  Marauder  
  86  7:55  Supply Depot  
  86  8:03  Marine  
  86  8:04  Marine x2  
  86  8:06  SCV x2  
  86  8:07  Marine x2  
  86  8:10  Marauder  
  84  8:22  Supply Depot x2  
Tags
 
Add a new tag
Caveats
  • Supply blocks, unpowered buildings, or Contaminate may cause inaccurate times.
  • Supply counts are checked every 10 seconds.